 Dungeon Crawl Stone Soup version 0.28-a0-407-g69098e2f6d (webtiles) character file.

Game seed: 12187202176500261480

19493 ytrimaz the Brawler (level 12, 0/138 HPs)
             Began as a Troll Berserker on Sept 5, 2021.
             Was a High Priest of Trog.
             Killed from afar by a wretched star (20 damage)
             ... with a lance of force
             ... on level 3 of the Abyss.
             The game lasted 00:22:01 (8783 turns).

ytrimaz the Brawler (Troll Berserker)               Turns: 8783, Time: 00:22:02

Health: 0/138      AC: 10    Str: 37    XL:     12   Next: 37%
Magic:  21/21      EV: 16    Int:  9    God:    Trog [*****.]
Gold:   337        SH:  0    Dex:  9    Spells: 11/11 levels left

rFire   . . .      SeeInvis .     - Unarmed
rCold   + . .      Faith    .   (no shield)
rNeg    . . .      Spirit   .   P - +1 robe {rC+}
rPois   .          Reflect  .   a - +3 hat of Pondering {ponderous, Will+ MP+10 Int+5}
rElec   .          Harm     .   n - +2 cloak
rCorr   .          Rampage  .   (gloves unavailable)
Will    +++..                   (boots unavailable)
Stlth   ..........              (no amulet)
HPRegen 1.00/turn               y - +6 ring of strength
MPRegen 0.17/turn               d - +4 ring of evasion

@: berserking (expiring), strong-willed, regenerating, diseased, studying
Dodging, unable to read, very quick
A: large, unfitting armour, claws 3, regeneration 1, shaggy fur 1, tough skin 1,
[deformed body], [frail 2], [subdued magic 1], [inability to read while
threatened]
a: Renounce Religion, Berserk, Trog's Hand, Brothers in Arms


You were on level 3 of the Abyss.
You worshipped Trog.
Trog was extremely pleased with you.
You visited 2 branches of the dungeon, and saw 12 of its levels.
You visited the Abyss 1 time.
You also visited: Bailey.

You collected 581 gold pieces.
You spent 244 gold pieces at shops.

Inventory:

Hand Weapons
 b - a +3 broad axe of flaming
Missiles
 G - 6 large rocks (quivered)
 L - 2 throwing nets
Armour
 a - the +3 hat of Pondering (worn) {ponderous, Will+ MP+10 Int+5}
   (You took it off Gastronok on level 11 of the Dungeon)

   Int:       It affects your intelligence (+5).
   MP:        It affects your magic capacity (+10).
   Will:      It increases your willpower.
 n - a +2 cloak (worn)
 o - the +3 kite shield of Resilience {Harm rF+++ Str+8 Int-4}
   (You acquired it on level 6 of the Dungeon)

   Str:       It affects your strength (+8).
   Int:       It affects your intelligence (-4).
   rF:        It renders you almost immune to fire.
   Harm:      It increases damage dealt and taken.
 P - a +1 robe of cold resistance (worn)
Jewellery
 d - a +4 ring of evasion (right claw)
 i - a ring of resist corrosion
 q - a ring of willpower
 s - a ring of poison resistance
 u - a ring of willpower
 y - a +6 ring of strength (left claw)
 B - a +6 ring of dexterity
 F - a ring of fire
 O - a ring of ice
 S - an amulet of the acrobat
Wands
 e - a wand of digging (13)
 g - a wand of mindburst (7)
 k - a wand of paralysis (23)
 r - a wand of iceblast (20)
 x - a wand of charming (19)
 C - a wand of flame (9)
Scrolls
 w - 2 scrolls of fog
 D - a scroll of enchant armour
 E - 4 scrolls of identify
 I - 2 scrolls of teleportation {unknown}
 K - 2 scrolls of magic mapping
 M - 3 scrolls of blinking
 N - 2 scrolls of enchant weapon
 R - a scroll of brand weapon {unknown}
 T - a scroll of fear
Potions
 c - 2 potions of resistance
 f - 2 potions of ambrosia
 h - 8 potions of heal wounds
 j - 3 potions of curing
 l - 4 potions of haste
 m - 5 potions of lignification
 p - 4 potions of mutation
 t - 2 potions of cancellation
 v - 4 potions of flight {unknown}
 z - 3 potions of might {unknown}
 A - 2 potions of attraction {unknown}
 H - 7 potions of magic
 J - a potion of brilliance {unknown}
 Q - 2 potions of berserk rage {unknown}


   Skills:
 * Level 6.7 Fighting
 * Level 9.7 Dodging
 * Level 16.2 Unarmed Combat


You had 11 spell levels left.
You didn't know any spells.
Your spell library was empty.

Dungeon Overview and Level Annotations

Branches:
Dungeon (11/15)            Temple (1/1) D:5            Lair (0/6) D:11
 Bailey (visited)
    Orc: D:9-12

Altars:
Ashenzari
Cheibriados
Dithmenos
Elyvilon
Fedhas
Gozag
Hepliaklqana
Kikubaaqudgha
Makhleb
Nemelex Xobeh
Okawaru
Qazlal
Ru
Sif Muna
Trog
Uskayaw
Vehumet
Wu Jian
Xom
Yredelemnul
Zin
The Shining One

Shops:
D:1 !   D:6 !


Innate Abilities, Weirdness & Mutations

You are too large for most types of armour.
You have claws for hands.
Your natural rate of healing is unusually fast.
You are covered in fur. (AC +1)
You have tough skin. (AC +1)
[Armour fits poorly on your strangely shaped body.]
[You are very frail. (-20% HP)]
[Your spells are a little easier to cast, but a little less powerful.]
[You sometimes lose the ability to read scrolls when taking damage.]


Message History

The thrashing horror completely misses you.
The thrashing horror tramples you.
You stumble backwards!
You mangle the thrashing horror!!
The thrashing horror is almost destroyed.
The shadow strikes at you from the darkness!
Reactivating autopickup.
The thrashing horror closely misses you.
The thrashing horror tramples you.
You stumble backwards!
You barely miss the thrashing horror.
The thrashing horror is almost destroyed.
The thrashing horror tramples you!
You stumble backwards!
You eviscerate the thrashing horror!!!
You destroy the thrashing horror!
Trog accepts your kill. The ynoxinul gestures at you. The iron shot hits you!!!
You feel threatened and lose the ability to read scrolls!
The bone dragon bites you! The bone dragon barely misses you. x2
You eviscerate the shadow!!!
You destroy the shadow!
Trog accepts your kill.
You feel the corruption within you wane somewhat.
You feel a little less angry.
You feel a little more calm.
Your connection to magic feels less subdued.
You eviscerate the bone dragon!!!
You claw the bone dragon, but do no damage.
The bone dragon is moderately damaged.
You scratch the bone dragon.
The bone dragon is moderately damaged.
The bone dragon barely misses you. The bone dragon claws you!
* * * LOW HITPOINT WARNING * * *
The bone dragon tramples you!
* * * LOW HITPOINT WARNING * * *
You stumble backwards!
You claw the bone dragon!
The bone dragon is moderately damaged.
You feel ill.
The wretched star glows turbulently.
The lance of force hits you!!
You die...

#.. .#...#. #.
........ .......#.##
...##....##
##.#5##55#.## #
#....5.#.#..#.##.#
##......##x3.#.....#
. ##.# .##..#.*#D..#
.#.... #.*. ###.@..#
..
#..#..#..##.......
#..#.#.## .#####..
#.#..... . ....#..#
.# .#.. # .... #.
#..# . .#


You could see a bone dragon, a wretched star, an ancient zyme, a ynoxinul, a
white imp and an ufetubus (summoned).

Vanquished Creatures
  A tentacled starspawn (Abyss:3)
  Gastronok (D:11)
  Harold (D:9)
  Fannar (D:10)
  Erica (D:10)
  3 two-headed ogres
  A thrashing horror (Abyss:3)
  The ghost of RandomusNamus the Ducker, a novice GnWn of Cheibriados (D:8)
  A wretched star (Abyss:3)
  A cyclops (D:8)
  5 centaur zombies
  Joseph (D:9)
  3 large abominations (Abyss:3)
  A kobold demonologist (D:9)
  A komodo dragon (D:11)
  An ancient zyme (Abyss:3)
  4 trolls (D:11)
  A hornet (D:9)
  Prince Ribbit (D:6)
  4 raiju (Abyss:3)
  A shadow (Abyss:3)
  A wyvern (D:10)
  A flying skull (Abyss:3)
  2 ynoxinuls (Abyss:3)
  2 chaos spawn (Abyss:3)
  Menkaure (D:5)
  A water moccasin (D:7)
  Duvessa (D:6)
  5 orc warriors
  3 sky beasts
  3 black bears
  3 centaurs (D:7)
  7 ogres
  The ghost of aSlayers the Skirmisher, an amateur OpAK of Lugonu (D:3)
  A phantom (D:5)
  Blork the orc (D:6)
  A kobold brigand (D:10)
  2 bullfrogs (D:7)
  4 small abominations (Abyss:3)
  2 scorpions (D:7)
  Dowan (D:6)
  A wyvern skeleton (D:7)
  A water moccasin skeleton (D:4)
  13 killer bees
  A wight (D:7)
  A howler monkey (D:4)
  2 gnoll shamans
  7 orc priests
  Crazy Yiuf (D:2)
  A centaur skeleton (D:7)
  4 iguanas
  2 orc wizards
  A killer bee zombie (D:4)
  2 howler monkey zombies
  33 gnolls
  2 howler monkey skeletons
  5 adders
  A white imp (D:5)
  An ufetubus (D:7)
  A worm (D:3)
  16 orcs
  11 endoplasms
  3 giant cockroaches
  23 hobgoblins
  7 jackals
  A quokka (D:2)
  12 ball pythons
  6 bats
  3 frilled lizards
  11 goblins
  15 kobolds
  9 rats
275 creatures vanquished.

Vanquished Creatures (others)
  2 apocalypse crabs (Abyss:3)
  A large abomination (Abyss:3)
  7 plants
  5 starspawn tentacles (Abyss:3)
15 creatures vanquished.

Grand Total: 290 creatures vanquished

Notes
Turn   | Place    | Note
-------+----------+-------------------------------------------
     0 | D:1      | ytrimaz the Troll Berserker began the quest for the Orb.
     0 | D:1      | Reached XP level 1. HP: 22/22 MP: 0/0
    98 | D:1      | Reached XP level 2. HP: 23/29 MP: 1/1
   199 | D:1      | Found a faded altar of an unknown god.
   298 | D:1      | Reached ** piety under Trog
   342 | D:1      | Found Idich's Distillery.
   351 | D:1      | Bought a potion of degeneration for 13 gold pieces
   382 | D:2      | Reached XP level 3. HP: 29/36 MP: 2/2
   691 | D:2      | Found a runed translucent door.
   692 | D:2      | Noticed Crazy Yiuf
   953 | D:2      | Reached skill level 4 in Unarmed Combat
  1317 | D:2      | Killed Crazy Yiuf
  1318 | D:2      | Reached XP level 4. HP: 44/44 MP: 3/3
  1833 | D:3      | Found a transporter.
  1985 | D:3      | Reached skill level 5 in Unarmed Combat
  1985 | D:3      | Reached XP level 5. HP: 43/53 MP: 4/4
  2026 | D:3      | Found a transporter.
  2078 | D:3      | Noticed aSlayers's ghost (amateur OpAK)
  2105 | D:3      | Killed aSlayers's ghost
  2106 | D:3      | Reached skill level 6 in Unarmed Combat
  2106 | D:3      | Reached XP level 6. HP: 61/61 MP: 5/5
  2551 | D:4      | Reached *** piety under Trog
  2740 | D:4      | Reached XP level 7. HP: 67/67 MP: 6/6
  2986 | D:4      | Reached skill level 7 in Unarmed Combat
  3377 | D:5      | Entered Level 5 of the Dungeon
  3377 | D:5      | Noticed Menkaure
  3381 | D:5      | Killed Menkaure
  3412 | D:5      | Found a staircase to the Ecumenical Temple.
  3430 | Temple   | Entered the Ecumenical Temple
  3703 | D:5      | Reached skill level 8 in Unarmed Combat
  3734 | D:5      | Found a radiant altar of Vehumet.
  3886 | D:5      | Reached XP level 8. HP: 75/78 MP: 7/7
  4020 | D:6      | Noticed Blork the orc
  4029 | D:6      | Killed Blork the orc
  4081 | D:6      | Identified a scroll of acquirement
  4081 | D:6      | Acquired the +3 kite shield of Resilience {Harm rF+++ Str+8
                  | Int-4}
  4113 | D:6      | Reached skill level 9 in Unarmed Combat
  4127 | D:6      | Noticed Duvessa
  4128 | D:6      | Noticed Dowan
  4143 | D:6      | Killed Duvessa
  4155 | D:6      | Killed Dowan
  4199 | D:6      | Reached skill level 10 in Unarmed Combat
  4199 | D:6      | Reached XP level 9. HP: 85/85 MP: 8/8
  4206 | D:6      | Noticed a two-headed ogre
  4215 | D:6      | Killed a two-headed ogre
  4216 | D:6      | Reached skill level 5 in Dodging
  4277 | D:6      | Noticed Prince Ribbit
  4290 | D:6      | Killed Prince Ribbit
  4291 | D:6      | Reached skill level 11 in Unarmed Combat
  4337 | D:6      | Found Boeshrasch's Distillery.
  4355 | D:6      | Bought a potion of lignification for 33 gold pieces
  4355 | D:6      | Bought a potion of haste for 110 gold pieces
  4355 | D:6      | Bought a potion of heal wounds for 55 gold pieces
  4355 | D:6      | Bought a potion of curing for 33 gold pieces
  4666 | D:7      | Reached **** piety under Trog
  4697 | D:7      | Reached skill level 5 in Fighting
  5049 | D:7      | Reached skill level 12 in Unarmed Combat
  5193 | D:7      | Reached XP level 10. HP: 96/96 MP: 9/9
  5357 | D:7      | Found a basalt altar of Yredelemnul.
  5364 | D:7      | Found a shimmering altar of Xom.
  5683 | D:8      | Found a transporter.
  5683 | D:8      | Noticed RandomusNamus's ghost (novice GnWn)
  5684 | D:8      | Found a transporter.
  5739 | D:8      | Noticed a cyclops
  5745 | D:8      | Killed a cyclops
  5836 | D:8      | You fall into a shaft and drop 2 floors!
  5836 | D:10     | Entered Level 10 of the Dungeon
  5850 | D:10     | Noticed a two-headed ogre
  5862 | D:10     | Killed a two-headed ogre
  5869 | D:10     | Reached skill level 13 in Unarmed Combat
  5958 | D:9      | Found a flagged portal.
  5973 | Bailey   | Entered a bailey
  6271 | D:9      | Noticed a two-headed ogre
  6278 | D:9      | Killed a two-headed ogre
  6414 | D:9      | Reached ***** piety under Trog
  6872 | D:9      | Noticed Harold
  6876 | D:9      | Noticed Joseph
  6879 | D:9      | Killed Harold
  6883 | D:9      | Killed Joseph
  6884 | D:9      | Reached skill level 14 in Unarmed Combat
  6884 | D:9      | Reached XP level 11. HP: 87/105 MP: 10/10
  7183 | D:8      | Identified the +1 dire flail of Ignis's Envy {flame, rC+}
  7227 | D:8      | Found a snail-covered altar of Cheibriados.
  7228 | D:8      | Found a white marble altar of Elyvilon.
  7233 | D:8      | Found a shadowy altar of Dithmenos.
  7328 | D:8      | Identified the +0 leather armour "Dioresiq" {rCorr}
  7397 | D:8      | Killed RandomusNamus's ghost
  7423 | D:8      | Acquired a manual of Dodging
  7496 | D:10     | Noticed Erica
  7501 | D:10     | Killed Erica
  7821 | D:10     | Noticed Fannar
  7830 | D:10     | Killed Fannar
  7903 | D:11     | Noticed Gastronok
  7910 | D:11     | Killed Gastronok
  7911 | D:11     | Reached skill level 15 in Unarmed Combat
  8070 | D:11     | Received a gift from Trog
  8236 | D:11     | Found a staircase to the Lair.
  8406 | D:11     | Noticed a vault guard
  8408 | D:11     | Cast into level 3 of the Abyss (vault guard)
  8408 | Abyss:3  | Found a corrupted altar of Lugonu.
  8512 | Abyss:3  | Reached XP level 12. HP: 77/115 MP: 11/11
  8674 | Abyss:3  | Noticed a tentacled starspawn
  8690 | Abyss:3  | Killed a tentacled starspawn
  8691 | Abyss:3  | Reached skill level 16 in Unarmed Combat
  8748 | Abyss:3  | Noticed a deep elf demonologist
  8773 | Abyss:3  | Noticed a bone dragon
  8783 | Abyss:3  | Killed from afar by a wretched star

Illustrated notes

Levels and vault maps discovered:
D:1:      tarquinn_simple_flora_water_a, layout_rooms,
          shapermc_ecumenical_altar_starsandcircs, serial_shops,
          nicolae_square_shop
D:2:      layout_basic, uniq_crazy_yiuf_cottage
D:3:      layout_basic, gammafunk_ghost_gnarly_gnolls,
          wander_ebering_terrifying_dragon_lair
D:4:      layout_loops_ring, minmay_liquid_box, glass_columns_a
D:5:      layout_rooms, nicolae_vehumet_altar_sigil,
          minmay_temple_entry_butterflies, uniq_menkaure
D:6:      layout_cave_pools, serial_shops, nicolae_shop_waterfront,
          uniq_prince_ribbit1, uniq_duvessa, uniq_blork_the_orc
D:7:      layout_basic, amethyst_overflow_temple_binary,
          minmay_increasing_density
D:8:      layout_rooms, gammafunk_temple_overflow_forgotten,
          gammafunk_ghost_smash
D:9:      layout_loops_corners, enter_bailey_3, minivault_25_ag, uniq_joseph,
          uniq_harold
D:10:     layout_cave_pools, uniq_fannar, uniq_erica
D:11:     layout_rooms, lair_entry_dummy, enter_trove_5, minmay_circle_x,
          uniq_gastronok
Temple:   nicolae_temple_elliptical
Abyss:3:  base: D:1, doesnt_abyss_rune_brain_food,
          evilmike_abyss_rune_siren_acolytes, bh_abyss_exit_grid,
          nicolae_abyss_rune_star_stuff, nicolae_abyss_rune_left_handed,
          nicolae_abyss_rune_left_handed

Skill      XL: |  1  2  3  4  5  6  7  8  9 10 11 12 |
---------------+-------------------------------------+-----
Unarmed Combat | 4 5 6 8 10 12 14 15 16 | 16.2
Fighting       | 3 4 5 6 |  6.7
Dodging        | 3 4 5 6 8 9 |  9.7

Action                   |  1- 3 |  4- 6 |  7- 9 | 10-12 || total
-------------------------+-------+-------+-------+-------++-------
Melee: Unarmed           |    98 |   111 |   223 |   316 ||   748
       Punch             |     1 |     3 |     6 |    21 ||    31
Invok: Berserk           |     2 |     3 |     5 |     6 ||    16
       Trog's Hand       |       |     1 |     2 |     4 ||     7
  Use: Scroll            |       |     6 |     9 |     3 ||    18
 Stab: Sleeping          |     1 |     1 |       |       ||     2
Armor: Animal skin       |    60 |    59 |    68 |    51 ||   238
       Robe              |       |       |       |    48 ||    48
Dodge: Dodged            |    93 |    86 |   166 |   285 ||   630

Table legend: (Time is in decaauts)
 A = Elapsed time spent in this place.
 B = Non-inter-level travel time spent in this place.
 C = Inter-level travel time spent in this place.
 D = Time resting spent in this place.
 E = Time spent auto-exploring this place.
 F = Levels seen in this place.
 G = Mean time per level.
                   A        B        C        D        E       F      G
               +--------+--------+--------+--------+--------+-----+--------+
         Total |   8853 |   8474 |    379 |    569 |   5554 |  14 |  632.4 |
       Dungeon |   8059 |   7702 |    357 |    492 |   5337 |  11 |  732.6 |
        Temple |    161 |    139 |     22 |      5 |    118 |   1 |  161.0 |
         Abyss |    381 |    381 |      0 |     72 |      0 |   1 |  381.0 |
        Bailey |    250 |    250 |      0 |      0 |     99 |   1 |  250.0 |
               +--------+--------+--------+--------+--------+-----+--------+

Top non-repeatable levels by time:
     D:3: 1166 daAuts
     D:2: 1012 daAuts
     D:7: 916 daAuts
     D:9: 902 daAuts
     D:4: 847 daAuts
     D:8: 688 daAuts
     D:6: 619 daAuts
    D:10: 550 daAuts
    D:11: 533 daAuts
     D:5: 447 daAuts
 Abyss:3: 381 daAuts
     D:1: 375 daAuts
  Bailey: 250 daAuts
  Temple: 161 daAuts
